 Dungeon Crawl Stone Soup version 0.30-b1-2-g02819fbbbe (webtiles) character file.

Game seed: 750973745158131080

5125 Dirian the Cleaver (level 10, -4/136 HPs)
             Began as a Minotaur Berserker on May 19, 2023.
             Was an Elder of Trog.
             Slain by a fire elemental (6 damage)
             ... summoned by a deep elf pyromancer
             ... on level 8 of the Dungeon.
             The game lasted 00:10:43 (5993 turns).

Dirian the Cleaver (Minotaur Berserker)             Turns: 5993, Time: 00:10:44

Health: -4/136     AC: 14    Str: 26    XL:     10   Next: 32%
Magic:  9/9        EV: 10    Int:  4    God:    Trog [****..]
Gold:   744        SH:  0    Dex: 19    Spells: 9/9 levels left

rFire   . . .        o - +0 broad axe
rCold   . . .        (no shield)
rNeg    . . .        g - +0 chain mail
rPois   .            (helmet restricted)
rElec   .            (no cloak)
rCorr   +            (no gloves)
SInv    .            A - +1 pair of boots
Will    .....        s - amulet "Dutoesip" {RegenMP Regen+ rCorr Dex+3} Stlth
                     l - +6 ring of dexterity
HPRegen 1.22/turn    F - +4 ring of slaying
MPRegen 0.51/turn

%: no passive effects
@: berserking (expiring), lethally poisoned (-4 -> -7), very quick
A: horns 2, retaliatory headbutt
a: Renounce Religion, Berserk, Trog's Hand, Brothers in Arms


You were on level 8 of the Dungeon.
You worshipped Trog.
Trog was greatly pleased with you.
You visited 1 branch of the dungeon, and saw 8 of its levels.
You also visited: Ossuary.

You collected 744 gold pieces.

Inventory:

Hand Weapons
 c - a +0 war axe
 o - a +0 broad axe (weapon)
 v - a +3 flail
Missiles
 h - 5 javelins (quivered)
 p - 3 throwing nets
Armour
 g - a +0 chain mail (worn)
 i - a +0 plate armour
 A - a +1 pair of boots (worn)
Jewellery
 l - a +6 ring of dexterity (left hand)
 s - the amulet "Dutoesip" (around neck) {RegenMP Regen+ rCorr Dex+3}
   (You found it on level 3 of the Dungeon)

   [amulet of magic regeneration]

   It increases your rate of magic regeneration.
   Dex:       It affects your dexterity (+3).
   Regen:     It increases your rate of health regeneration.
   rCorr:     It protects you from acid and corrosion.
 F - a +4 ring of slaying (right hand)
Wands
 b - a wand of roots (8)
Scrolls
 e - 4 scrolls of poison
 r - a scroll of identify
 t - 7 scrolls of teleportation
 x - a scroll of fear
 y - a scroll of enchant armour
 z - a scroll of blinking {unknown}
 D - a scroll of magic mapping
 G - 3 scrolls of fog
Potions
 a - a potion of invisibility {unknown}
 d - 2 potions of might
 f - 6 potions of lignification
 j - 3 potions of cancellation
 k - 2 potions of berserk rage
 m - 2 potions of ambrosia
 n - 2 potions of resistance
 q - 4 potions of curing
 u - a potion of mutation {unknown}
 w - a potion of heal wounds
 B - a potion of attraction {unknown}
 C - a potion of degeneration {unknown}
 E - a potion of haste {unknown}


   Skills:
 + Level 9.3 Fighting
 + Level 13.4 Axes
 + Level 9.9 Armour
 - Level 2.1 Dodging


You had 9 spell levels left.
You didn't know any spells.
Your spell library was empty.

Dungeon Overview and Level Annotations

Branches:
Dungeon (8/15) Zot: 26685  Temple (0/1) D:5         Ossuary (visited)
   Lair: D:8-11

Altars:
Cheibriados
Dithmenos
Fedhas
Gozag
Makhleb
Okawaru
Sif Muna
Uskayaw
Yredelemnul
The Shining One

Shops:
D:4 !

Annotations:
D:4 exclusion: downstairs
D:5 exclusion: oklob sapling


Innate Abilities, Weirdness & Mutations

You have a pair of horns on your head.
You reflexively headbutt those who attack you in melee.


Message History

You kill the kobold brigand!
Trog accepts your kill.
You feel sick.
The kobold brigand throws a poisoned dart.
The poisoned dart hits you!
You are more poisoned.
The kobold throws a stone.
The stone closely misses you.
The deep elf pyromancer mumbles some strange words.
You hit the fire elemental.
The fire elemental is lightly damaged.
You barely miss the howler monkey. You slice the kobold!!
You kill the kobold!
Trog accepts your kill.
You slice the orc warrior!!
You feel very sick.
The howler monkey hits you but does no damage.
You slice the orc warrior!!
You kill the orc warrior!
Trog accepts your kill.
You slash the fire elemental! You slash the howler monkey!
You feel sick. The fire elemental hits you. The fire elemental burns you!
* * * LOW HITPOINT WARNING * * *
The deep elf pyromancer points at you and mumbles some strange words.
The bolt of fire hits you!!
* * * LOW HITPOINT WARNING * * *
The kobold brigand throws a poisoned dart.
The poisoned dart barely misses you.
A sky beast appears from thin air!
The howler monkey hits you but does no damage.
You slash the kobold brigand!
The kobold brigand is severely wounded.
You slice the howler monkey!!
You kill the howler monkey!
Trog accepts your kill.
You slice the kobold!!
You kill the kobold!
Trog accepts your kill.
You closely miss the fire elemental.
* * * LOW HITPOINT WARNING * * *
You feel sick. The fire elemental hits you. The fire elemental burns you!
You die...

...... ... ♣....#
.... #♣♣....##....
#..............
.....EKD.....!
#.KKeYD....#
#.))EKoK... #@)♣ ..#
#.K♣♣..# ###..#
.####..######
#............########
#######..............
#..............
#..............
######.........


You could see a deep elf pyromancer, 2 fire elementals, 2 steam dragons, a sky
beast, 2 kobold brigands, an orc and 4 kobolds.

Vanquished Creatures
  A centaur warrior (D:8)
  A cyclops (D:6)
  Sigmund (D:5)
  Eustachio (D:6)
  2 steam dragons (D:7)
  Menkaure (D:5)
  5 orc warriors
  3 sky beasts (D:7)
  2 black bears
  An ogre (D:5)
  2 centaurs
  3 phantoms
  3 kobold brigands
  2 bullfrogs
  2 scorpions
  5 wights (D:6)
  2 killer bees (D:8)
  5 howler monkeys
  A bullfrog zombie (D:6)
  A gnoll bouda (D:7)
  3 jellies
  8 orc priests
  2 hounds
  A sleepcap (D:6)
  6 iguanas
  Terence (D:3)
  6 orc wizards
  8 mummies (Ossuary)
  Robin (D:3)
  A howler monkey zombie (D:6)
  7 gnolls
  8 adders
  2 shadow imps
  3 white imps
  An ufetubus (D:4)
  A worm (D:3)
  2 dart slugs
  20 orcs
  2 ball pythons (D:3)
  5 bats
  2 endoplasms
  2 giant cockroaches (D:1)
  3 gnoll zombies (Ossuary)
  10 goblins
  9 hobgoblins
  16 kobolds
  2 quokkas
  3 frilled lizards (D:2)
  4 hobgoblin zombies (Ossuary)
  A kobold zombie (Ossuary)
  8 rats
192 creatures vanquished.

Vanquished Creatures (others)
  A kobold (D:8)
  17 plants (D:5)
18 creatures vanquished.

Grand Total: 210 creatures vanquished

Notes
Turn   | Place    | Note
-------+----------+-------------------------------------------
     0 | D:1      | Dirian the Minotaur Berserker began the quest for the Orb.
     0 | D:1      | Reached XP level 1. HP: 19/19 MP: 0/0
    84 | D:1      | Reached XP level 2. HP: 27/27 MP: 1/1
    96 | D:1      | Reached skill level 4 in Axes
   530 | D:1      | Reached XP level 3. HP: 29/33 MP: 2/2
   714 | D:2      | Reached ** piety under Trog
   982 | D:2      | Found a faded altar of an unknown god.
  1324 | D:3      | Noticed Terence
  1330 | D:3      | Killed Terence
  1331 | D:3      | Reached XP level 4. HP: 41/41 MP: 3/3
  1402 | D:3      | Reached skill level 5 in Axes
  1592 | D:3      | Identified the amulet "Dutoesip" {RegenMP Regen+ rCorr
                  | Dex+3}
  1768 | D:3      | Noticed Robin
  1769 | D:3      | Reached skill level 5 in Fighting
  1777 | D:3      | Killed Robin
  1778 | D:3      | Reached XP level 5. HP: 48/48 MP: 4/4
  1969 | D:3      | Found a glowing golden altar of the Shining One.
  1969 | D:3      | Found a snail-covered altar of Cheibriados.
  2537 | D:4      | Noticed a black bear
  2544 | D:4      | Killed a black bear
  2545 | D:4      | Reached skill level 6 in Axes
  2545 | D:4      | Reached XP level 6. HP: 55/56 MP: 5/5
  2644 | D:4      | Found Kaokud's Distillery.
  3083 | D:5      | Entered Level 5 of the Dungeon
  3083 | D:5      | Found a staircase to the Ecumenical Temple.
  3179 | D:5      | Noticed Menkaure
  3189 | D:5      | Killed Menkaure
  3190 | D:5      | Reached skill level 5 in Armour
  3266 | D:5      | Reached XP level 7. HP: 58/63 MP: 6/6
  3286 | D:5      | Reached skill level 7 in Axes
  3880 | D:5      | Noticed Sigmund
  3890 | D:5      | Killed Sigmund
  3891 | D:5      | Reached skill level 8 in Axes
  3891 | D:5      | Reached XP level 8. HP: 71/71 MP: 7/7
  4020 | D:6      | Reached *** piety under Trog
  4025 | D:6      | Reached skill level 9 in Axes
  4034 | D:6      | Found a sand-covered staircase.
  4037 | Ossuary  | Entered an ossuary
  4246 | D:6      | Noticed Eustachio
  4257 | D:6      | Killed Eustachio
  4308 | D:6      | Found a shadowy altar of Dithmenos.
  4312 | D:6      | Found a hide-covered altar of Uskayaw.
  4343 | D:6      | Reached skill level 10 in Axes
  4400 | D:6      | Reached XP level 9. HP: 78/79 MP: 8/8
  4612 | D:6      | Noticed a cyclops
  4623 | D:6      | Killed a cyclops
  4810 | D:6      | Found a basalt altar of Yredelemnul.
  5127 | D:7      | Reached skill level 11 in Axes
  5301 | D:7      | Reached skill level 12 in Axes
  5306 | D:7      | Reached **** piety under Trog
  5514 | D:7      | Found an iron altar of Okawaru.
  5514 | D:7      | Found a blossoming altar of Fedhas.
  5522 | D:7      | Found an opulent altar of Gozag.
  5524 | D:7      | Found a burning altar of Makhleb.
  5526 | D:7      | Found a shimmering blue altar of Sif Muna.
  5776 | D:8      | Reached XP level 10. HP: 89/90 MP: 9/9
  5970 | D:8      | Noticed a centaur warrior
  5973 | D:8      | Noticed a deep elf pyromancer
  5978 | D:8      | Killed a centaur warrior
  5979 | D:8      | Reached skill level 13 in Axes
  5992 | D:8      | HP: 3/136 [deep elf pyromancer/bolt of fire (35)]
  5993 | D:8      | Slain by a fire elemental

Illustrated notes

Levels and vault maps discovered:
D:1:      minmay_arrival_plants_in_alcoves, layout_loops_ring,
          kennysheep_crisscross
D:2:      layout_basic, ebering_ecumenical_altar_box
D:3:      layout_basic, nicolae_overflow_two_pavilions, uniq_terence, uniq_robin
D:4:      layout_cave_pods, serial_shops, shop
D:5:      layout_loops_ring, minmay_temple_entry_oklob, uniq_menkaure,
          uniq_sigmund
D:6:      layout_basic, lemuel_zombie_altar_yredelemnul,
          chequers_temple_overflow_statue_of_worship,
          lightli_ossuary_entry_decrepit_ruins, uniq_eustachio
D:7:      layout_rooms, chequers_temple_overflow_minitemple,
          hangedman_misty_isle
D:8:      minmay_bloctagon, layout_basic, nicolae_two_hexagons

Skill      XL: |  1  2  3  4  5  6  7  8  9 10 |
---------------+-------------------------------+-----
Axes           | 4 5 6 8 10 12 13 | 13.4
Fighting       | 4 5 6 7 8 9 |  9.3
Armour         | 3 4 5 7 8 9 |  9.9
Dodging        | |  2.1

Action                     |  1- 3 |  4- 6 |  7- 9 | 10-12 || total
---------------------------+-------+-------+-------+-------++-------
  Melee: Hand axe          |    89 |    71 |   183 |       ||   343
         Headbutt          |    11 |    14 |    56 |     5 ||    86
         Punch             |     1 |       |     6 |       ||     7
         Broad axe         |       |       |    51 |    25 ||    76
 Invoke: Berserk           |     1 |     3 |     6 |     1 ||    11
         Trog's Hand       |       |       |     1 |       ||     1
    Use: Scroll            |       |    12 |     8 |       ||    20
   Stab: Sleeping          |     2 |       |       |       ||     2
 Armour: Animal skin       |    17 |       |       |       ||    17
         Leather armour    |     5 |     4 |       |       ||     9
         Ring mail         |       |    14 |    37 |       ||    51
         Chain mail        |       |       |    43 |    22 ||    65
  Dodge: Dodged            |    59 |    41 |   121 |    15 ||   236
